 Dungeon Crawl Stone Soup version 0.19.3-4-gbf9329e (webtiles) character file.

3714 TuxedoFelix the Fighter (level 9, 0/84 HPs)
             Began as a Minotaur Fighter on Jan 27, 2017.
             Was a Follower of the Shining One.
             Slain by a killer bee (3 damage)
             ... on level 8 of the Dungeon.
             The game lasted 00:58:12 (8083 turns).

TuxedoFelix the Fighter (Minotaur Fighter)          Turns: 8083, Time: 00:58:12

Health: 0/84       AC: 20    Str: 23 (24) XL:     9   Next: 91%
Magic:  7/7        EV:  3    Int:  9 (10) God:    the Shining One [*.....]
Gold:   419        SH: 11    Dex:  8 (10) Spells: 0 memorised, 8 levels left

rFire  + . .     SeeInvis +     a - +0 long sword
rCold  + . .     Gourm    .     L - +0 gold dragon scales
rNeg   . . .     Faith    .     c - +0 shield
rPois  +         Spirit   .     (helmet restricted)
rElec  .         Reflect  .     (no cloak)
rCorr  +         Harm     .     s - +0 pair of gloves
MR     .....                    m - +0 pair of boots
Stlth  ..........               (no amulet)
                                B - ring of see invisible
                                x - ring of resist corrosion

@: brilliant, exhausted, very slightly contaminated, slowed, glowing, very slow
A: retaliatory headbutt, horns 2, rugged brown scales 1, low mp 1, MP-powered
wands
a: Renounce Religion


You were on level 8 of the Dungeon.
You worshipped the Shining One.
The Shining One was aware of your devotion.
You were not hungry.

You visited 2 branches of the dungeon, and saw 9 of its levels.

You collected 419 gold pieces.

Inventory:

Hand Weapons
 a - a +0 long sword (weapon)
Armour
 b - a +0 scale mail
 c - a +0 shield (worn)
 m - a +0 pair of boots (worn)
 s - a +0 pair of gloves (worn)
 L - +0 gold dragon scales (worn)
Jewellery
 x - a ring of resist corrosion (left hand)
 B - a ring of see invisible (right hand)
Wands
 C - a wand of digging (17/24)
 H - a wand of iceblast (0/15)
Scrolls
 n - 2 scrolls of remove curse
 E - a scroll of recharging
 F - a scroll of fog
 G - a scroll of brand weapon {unknown}
Potions
 o - a potion of agility
 r - 3 potions of flight
 t - a potion of lignification
 u - a potion of mutation
Books
 J - a book of Maledictions

   Spells                             Type                      Level
   a - Corona                         Hexes                        1
   b - Ensorcelled Hibernation        Hexes/Ice                    2
   c - Confuse                        Hexes                        3
   d - Tukima's Dance                 Hexes                        3
   e - Dazzling Spray                 Conjuration/Hexes            3
Comestibles
 f - 6 bread rations
 p - a slice of pizza
 q - 2 meat rations
 I - 2 fruits


   Skills:
 + Level 8.8 Fighting
 + Level 8.2 Long Blades
 + Level 6.1 Throwing
 + Level 8.5 Armour
 + Level 7.9 Shields


You had 8 spell levels left.
You didn't know any spells.

Dungeon Overview and Level Annotations

Branches:
Dungeon (8/15)             Temple (1/1) D:6
   Lair: D:8-11

Altars:
Cheibriados
Dithmenos
Gozag
Hepliaklqana
Makhleb
Qazlal
Ru
Trog
Xom
The Shining One

Shops:
D:4 }*


Innate Abilities, Weirdness & Mutations

You reflexively headbutt those who attack you in melee.
You have a pair of horns on your head.
You are partially covered in rugged brown scales. (AC +1, +3% HP)
Your magical capacity is low. (-10% MP)
You expend magic power (3 MP) to strengthen your wands.


Message History

It is a scroll of amnesia.
You feel forgetful for a moment. The killer bee stings you.
* * * LOW HITPOINT WARNING * * *
You block the killer bee's attack. x2
The killer bee stings you but does no damage. x3
Unknown command.
It was a potion of brilliance.
You feel clever all of a sudden. You block the killer bee's attack.
The killer bee stings you.
* * * LOW HITPOINT WARNING * * *
You block the killer bee's attack. The killer bee barely misses you.
You furiously retaliate!
You headbutt the killer bee!
You kill the killer bee!
You block the killer bee's attack.
Okay, then.
Unknown command.
As you read the scroll labeled JUGOVV GAANEB, it crumbles to dust.
The creatures around you are filled with an inner flame!
It was a scroll of immolation.
The killer bee stings you.
You die...

###....# *,,,,,,,,,,,,,*,,,,
#....## *,,,,,,,,,,,,,,,,**
#.##.# *,,,,,,,,,,,*,,,**
#####.##.# *,,,,,,,,,,,,,,,*
..#......# *,,,,,,,,,,***,,*
..###.#### ************
*,,*** .....<# *,>,,* ......#
*** ##############**,*
......#***,****#@y..........#
*,*
..#......,,,,,,#.#####......#
*,* ..#....#.#,***...#
#......# *,* ..#........*
#.#.# #.†....# *,*
..####.....* #...#
#......###,* ..#
*....,**#,### #........#,*
### *,,,,,,,*,* #......#.#,*
*,,,,,*,*,* #?.....#..,*
**,,,,,,,** #......#****


You could see a killer bee (inner flame).

Vanquished Creatures
  A hill giant (D:7)
  The ghost of volk64 the Slasher, a novice DrBe of Trog (D:6)
  Grinder (D:5)
  A spriggan (D:7)
  4 sky beasts
  2 ice beasts
  2 ogres
  A phantom (D:5)
  2 bullfrogs
  2 scorpions
  8 killer bees
  4 crimson imps
  4 hounds
  A bullfrog zombie (D:8)
  4 orc priests
  4 bullfrog skeletons
  2 centaur skeletons
  3 orc wizards
  Terence (D:2)
  2 iguanas
  8 worker ants
  The ghost of uniCurs3 the Skirmisher, a weakling OgBe of Trog (D:4)
  A hound zombie (D:7)
  A hound skeleton (D:5)
  2 worker ant zombies
  A howler monkey skeleton (D:4)
  4 adders
  4 gnolls (D:6)
  A shadow imp (D:7)
  2 oozes
  5 worms
  3 dart slugs
  5 leopard geckos
  24 orcs
  2 ball pythons
  3 giant cockroaches
  11 goblins
  9 hobgoblins
  8 kobolds
  A quokka (D:2)
  8 bats
  7 frilled lizards
  A giant cockroach zombie (D:5)
  A quokka skeleton (D:5)
  5 rats
168 creatures vanquished.

Notes
Turn   | Place    | Note
-------+----------+-------------------------------------------
     0 | D:1      | TuxedoFelix the Minotaur Fighter began the quest for the Orb.
     0 | D:1      | Reached XP level 1. HP: 19/19 MP: 0/0
   157 | D:1      | Reached XP level 2. HP: 22/27 MP: 1/1
  1000 | D:2      | Reached XP level 3. HP: 27/33 MP: 2/2
  1338 | D:2      | Noticed Terence
  1345 | D:2      | Killed Terence
  1345 | D:2      | Reached skill level 1 in Throwing
  1345 | D:2      | Reached XP level 4. HP: 36/41 MP: 3/3
  1374 | D:2      | Found an opulent altar of Gozag.
  1933 | D:3      | Reached XP level 5. HP: 44/47 MP: 4/4
  2145 | D:3      | Found a snail-covered altar of Cheibriados.
  2744 | D:3      | Found a burning altar of Makhleb.
  2744 | D:3      | Found a shimmering altar of Xom.
  3052 | D:4      | Found Nedatael's Gadget Shop.
  3119 | D:4      | Reached skill level 5 in Fighting
  3119 | D:4      | Reached XP level 6. HP: 56/56 MP: 5/5
  3186 | D:4      | Found a faded altar of an unknown god.
  3186 | D:4      | Found a faded altar of an unknown god.
  3193 | D:4      | Found a hazy altar of Hepliaklqana.
  3199 | D:4      | Found a faded altar of an unknown god.
  3200 | D:4      | Found a faded altar of an unknown god.
  3512 | D:4      | Reached skill level 5 in Armour
  3512 | D:4      | Reached skill level 5 in Shields
  3745 | D:4      | Found Hyuwet's Assorted Antiques.
  4095 | D:4      | Noticed uniCurs3's ghost (weakling OgBe)
  4104 | D:4      | Killed uniCurs3's ghost
  4146 | D:4      | Found a sacrificial altar of Ru.
  4744 | D:5      | Entered Level 5 of the Dungeon
  4776 | D:5      | Reached XP level 7. HP: 61/61 MP: 6/6
  4863 | D:5      | Reached skill level 5 in Long Blades
  4870 | D:5      | Found a shadowy altar of Dithmenos.
  5407 | D:5      | Noticed Grinder
  5414 | D:5      | Killed Grinder
  5545 | D:5      | Reached XP level 8. HP: 59/71 MP: 7/7
  5699 | D:5      | Found a sacrificial altar of Ru.
  6092 | D:6      | Found a staircase to the Ecumenical Temple.
  6103 | Temple   | Entered the Ecumenical Temple
  6120 | Temple   | Became a worshipper of the Shining One
  6314 | D:6      | Noticed volk64's ghost (novice DrBe)
  6323 | D:6      | Killed volk64's ghost
  6675 | D:7      | Noticed a hill giant
  6733 | D:7      | Killed a hill giant
  6733 | D:7      | Reached skill level 5 in Throwing
  6733 | D:7      | Reached XP level 9. HP: 28/81 MP: 8/8
  7776 | D:7      | Reached * piety under the Shining One
  7909 | D:8      | Found a stormy altar of Qazlal.
  7986 | D:8      | HP: 1/82 [orc warrior/halberd of protection (12)]
  8041 | D:8      | HP: 3/82 [orc warrior/halberd of protection (12)]
  8042 | D:8      | HP: 1/82 [phantom (2)]
  8060 | D:8      | Gained mutation: You expend magic power (3 MP) to strengthen your wands. [potion of mutation]
  8060 | D:8      | Gained mutation: Your magical capacity is low. (-10% MP) [potion of mutation]
  8060 | D:8      | Gained mutation: You are partially covered in rugged brown scales. (AC +1, +3% HP) [potion of mutation]
  8081 | D:8      | HP: 4/84 [killer bee (6)]
  8083 | D:8      | Slain by a killer bee

Skill      XL: |  1  2  3  4  5  6  7  8  9 |
---------------+----------------------------+-----
Fighting       | 4 5 6 7 8 |  8.8
Shields        | 4 5 6 7 |  7.9
Long Blades    | 3 4 5 7 8 |  8.2
Armour         | 4 5 6 7 8 |  8.5
Throwing       | 1 2 3 5 6 |  6.1

Action                   |  1- 3 |  4- 6 |  7- 9 || total
-------------------------+-------+-------+-------++-------
Melee: Long sword        |    79 |   146 |   305 ||   530
       Headbutt          |    11 |    29 |    63 ||   103
Throw: Tomahawk          |    21 |    29 |     6 ||    56
Evoke: Wand              |       |       |     7 ||     7
  Use: Scroll            |       |     6 |    16 ||    22
       Potion            |       |     4 |    17 ||    21
  Eat: Chunk             |     1 |     6 |     6 ||    13
       Bread ration      |       |     1 |       ||     1
       Beef jerky        |       |     1 |       ||     1
       Meat ration       |       |       |     1 ||     1
       Fruit             |       |       |     1 ||     1
Armor: Scale mail        |    28 |    54 |   102 ||   184
       Gold dragon scale |       |       |    51 ||    51
       Skin              |       |       |     8 ||     8
Dodge: Dodged            |    26 |    42 |   100 ||   168
Block: Shield            |    40 |    66 |   206 ||   312
       Rpst.: Long sword |     5 |    14 |    23 ||    42
